 Dungeon Crawl Stone Soup version 0.21-a0-331-gfb491b4 (webtiles) character file.

1337 RedPan the Purveyor of Pain (level 8, -4/52 HPs)
             Began as a Vampire Necromancer on Oct 2, 2017.
             Was an Initiate of Kikubaaqudgha.
             Slain by a wraith (8 damage)
             ... on level 6 of the Dungeon.
             The game lasted 00:22:02 (7142 turns).

RedPan the Purveyor of Pain (Vampire Necromancer)   Turns: 7142, Time: 00:22:04

Health: -4/52      AC:  4    Str:  7    XL:     8   Next: 35%
Magic:  7/17       EV: 24    Int: 19    God:    Kikubaaqudgha [......]
Gold:   410        SH:  0    Dex: 15    Spells: 7/19 levels left

rFire    . . .     SeeInvis +   n - +0 dagger
rCold    . . .     Gourm    .   (no shield)
rNeg     + . .     Faith    .   a - +1 robe
rPois    .         Spirit   .   (no helmet)
rElec    .         Reflect  .   k - +0 cloak
rCorr    .         Harm     .   (no gloves)
MR       .....                  (no boots)
Stlth    ++........             (no amulet)
HPRegen  0.17/turn              t - +5 ring of evasion
MPRegen  0.15/turn              v - +3 ring of evasion

@: slowed, very slow
A: fangs 3, see invisible, unbreathing
a: Bat Form, Renounce Religion


You were on level 6 of the Dungeon.
You worshipped Kikubaaqudgha.
Kikubaaqudgha was noncommittal.
You were not thirsty.

You visited 1 branch of the dungeon, and saw 6 of its levels.

You collected 410 gold pieces.

Inventory:

Hand Weapons
 n - a +0 dagger (weapon)
 B - a +2 falchion of holy wrath
Armour
 a - a +1 robe (worn)
 k - a +0 cloak (worn)
Jewellery
 t - a +5 ring of evasion (left hand)
 v - a +3 ring of evasion (right hand)
 A - an uncursed ring of fire
Wands
 p - a wand of lightning (10/15)
 s - a wand of polymorph (11/24)
 w - a wand of lightning (0/15)
 z - a wand of confusion (15/48)
Scrolls
 e - 5 scrolls of identify
 f - a scroll of blinking
 i - 2 scrolls of random uselessness
 q - a scroll of amnesia {unknown}
 x - a scroll of magic mapping
Potions
 c - 5 potions of blood
 d - 3 potions of ambrosia
 g - a potion of agility
 h - a potion of lignification
 j - 2 potions of curing
 l - a potion of might {unknown}
 m - 2 potions of degeneration {unknown}
 r - a potion of heal wounds {unknown}
 u - a potion of brilliance
Books
 b - a book of Necromancy

   Spells                             Type                      Level
   a - Pain                           Necromancy                   1
   b - Animate Skeleton               Necromancy                   1
   c - Vampiric Draining              Necromancy                   3
   d - Regeneration                   Charms/Necromancy            3
   e - Animate Dead                   Necromancy                   4
   f - Control Undead                 Necromancy                   4
 y - a book of Flames

   Spells                             Type                      Level
   a - Flame Tongue                   Conjuration/Fire             1
   b - Throw Flame                    Conjuration/Fire             2
   c - Conjure Flame                  Conjuration/Fire             3
   d - Inner Flame                    Hexes/Fire                   3
   e - Sticky Flame                   Conjuration/Fire             4
   f - Fireball                       Conjuration/Fire             5


   Skills:
 + Level 1.1 Short Blades
 - Level 7.0 Dodging
 - Level 3.0 Stealth
 + Level 6.1 Spellcasting
 - Level 7.0 Necromancy


You had 7 spell levels left.
You knew the following spells:

 Your Spells              Type           Power        Failure   Level  Hunger
a - Pain                  Necr           ####         1%          1    None
b - Vampiric Draining     Necr           ####......   1%          3    ##.....
c - Animate Dead          Necr           N/A          6%          4    ####...
d - Control Undead        Necr           ####......   6%          4    ####...


Dungeon Overview and Level Annotations

Branches:
Dungeon (6/15)
 Temple: D:4-7

Altars:
Kikubaaqudgha
Nemelex Xobeh
Uskayaw
Xom

Annotations:
D:4 Menkaure


Innate Abilities, Weirdness & Mutations

You have razor-sharp teeth.
You have supernaturally acute eyesight. (SInv)
You can survive without breathing.


Message History

The wraith completely misses you.
Evoke which item? (* to show all) (? for menu, Esc to quit)
Aiming: Lightning Bolt (will waste charges)
Press: ? - help, Shift-Dir - straight line, f/p - wraith
Aim: a wraith (severely damaged)
You hear a mighty clap of thunder!
The bolt of lightning misses the wraith.
Evoking this partially-identified wand wasted a few charges.
The wraith completely misses you.
Evoke which item? (* to show all) (? for menu, Esc to quit)
Aiming: Lightning Bolt (will waste charges)
Press: ? - help, Shift-Dir - straight line, f/p - wraith
Aim: a wraith (severely damaged)
You hear a mighty clap of thunder!
The bolt of lightning hits the wraith.
The wraith appears unharmed.
The wraith is severely damaged.
Evoking this partially-identified wand wasted a few charges.
The wraith hits you!
You die...
Kikubaaqudgha rasps: "You have failed me!
Welcome... oblivion!"

####)# #...[......)......# #...
#....###.###.######.###### ###.
#..#.........# #.# ##..
###..########### ##'## #...
..#..#..')..# ##...## #...
..#..#.)#.8.# ##.....## #...
..#..#..#...# ##.......######..
..#..#..#########.........##.....
..#..#......#..W@5........'......
..#).#......#####.........##.....
###[)#####..# ##.......###..#..
..#..#......# ##.....## #..##.
..#..#......# ##.<.## #..##.
..#..#..##### ##'## #..##.
..#..#......# #.# #.....
..#..#......# #.# #.....
###..#####..# ##.##########.


You could see a wraith and a crimson imp.

Vanquished Creatures
  Sigmund (D:3)
  A water moccasin (D:6)
  An orc warrior (D:6)
  A centaur (D:6)
  3 ogres
  A bullfrog (D:6)
  A scorpion (D:6)
  A howler monkey (D:6)
  A centaur zombie (D:6)
  A centaur skeleton (D:4)
  An orc priest (D:6)
  3 orc wizards
  Jessica (D:3)
  Terence (D:2)
  3 worker ants
  A killer bee zombie (D:6)
  3 gnolls (D:5)
  13 adders
  An ooze (D:2)
  4 worms (D:3)
  A leopard gecko (D:6)
  10 orcs
  2 ball pythons
  7 bats
  5 giant cockroaches
  4 goblins
  7 hobgoblins
  4 jackals (D:5)
  7 kobolds
  3 quokkas
  3 frilled lizards
  9 rats
105 creatures vanquished.

Vanquished Creatures (collateral kills)
  An orc priest (D:6)
  An adder (D:6)
  A leopard gecko (D:6)
  An orc (D:6)
4 creatures vanquished.

Grand Total: 109 creatures vanquished

Notes
Turn   | Place    | Note
-------+----------+-------------------------------------------
     0 | D:1      | RedPan the Vampire Necromancer began the quest for the Orb.
     0 | D:1      | Reached XP level 1. HP: 13/13 MP: 3/3
   309 | D:1      | Reached XP level 2. HP: 6/19 MP: 0/5
   561 | D:1      | Reached skill level 5 in Necromancy
  1162 | D:2      | Reached XP level 3. HP: 17/24 MP: 2/6
  1464 | D:2      | Learned a level 3 spell: Vampiric Draining
  1586 | D:2      | Noticed Terence
  1920 | D:2      | Killed Terence
  1920 | D:2      | Reached XP level 4. HP: 5/30 MP: 0/7
  1930 | D:2      | HP: 1/30 [giant cockroach (2)]
  2633 | D:2      | Found a shimmering altar of Xom.
  2999 | D:3      | Reached XP level 5. HP: 35/35 MP: 3/8
  3287 | D:3      | Noticed Sigmund
  3296 | D:3      | Killed Sigmund
  3296 | D:3      | Reached XP level 6. HP: 40/41 MP: 2/10
  3373 | D:3      | Noticed Jessica
  3379 | D:3      | Killed Jessica
  3722 | D:4      | Found a sparkling altar of Nemelex Xobeh.
  3737 | D:4      | Noticed Menkaure
  4770 | D:5      | Entered Level 5 of the Dungeon
  4866 | D:5      | Reached XP level 7. HP: 30/46 MP: 7/13
  5087 | D:5      | Reached skill level 5 in Dodging
  5339 | D:5      | Noticed a dagger
  5340 | D:5      | Noticed a dagger
  5341 | D:5      | Found a hide-covered altar of Uskayaw.
  5351 | D:5      | Found an ancient bone altar of Kikubaaqudgha.
  5366 | D:5      | Became a worshipper of Kikubaaqudgha
  5975 | D:6      | Learned a level 4 spell: Animate Dead
  5980 | D:6      | Learned a level 4 spell: Control Undead
  6058 | D:6      | Reached skill level 5 in Spellcasting
  6180 | D:6      | Reached XP level 8. HP: 32/52 MP: 0/16
  6371 | D:6      | HP: 1/52 [orc/morningstar (10)]
  6859 | D:6      | Reached skill level 1 in Short Blades
  7142 | D:6      | Slain by a wraith

Vault maps used:
D:1:      matt_arrival_diagonals, patterned_corridor
D:2:      nicolae_overflow_crystal_walls, kennysheep_generic_room_12,
          uniq_terence
D:3:      uniq_sigmund, uniq_jessica
D:4:      lemuel_round_altar, minmay_misc_feat_iff, uniq_menkaure
D:5:      dancing_weapons_uskayaw, kiku_gazebo_pond_becter,
          nicolae_ossuary_entry_monument, first_bread
D:6:      kennysheep_windowed_halls, kennysheep_mini_moat, portal_sewer_entry_d,
          uniq_blork_the_orc

Skill      XL: |  1  2  3  4  5  6  7  8 |
---------------+-------------------------+-----
Necromancy     | 5 6 7 |  7.0
Dodging        | 3 4 6 7 |  7.0
Spellcasting   | 3 4 5 6 |  6.1
Short Blades   | 1 |  1.1
Stealth        | |  3.0

Action                   |  1- 3 |  4- 6 |  7- 9 || total
-------------------------+-------+-------+-------++-------
Melee: Unarmed           |    18 |       |       ||    18
       Bite              |     2 |       |    11 ||    13
       Dagger            |     2 |    25 |    70 ||    97
 Cast: Pain              |    55 |    89 |   108 ||   252
       Vampiric Draining |     2 |     2 |     3 ||     7
       Animate Dead      |       |       |     3 ||     3
       Control Undead    |       |       |    11 ||    11
Evoke: Wand              |       |       |     7 ||     7
  Use: Scroll            |       |     7 |     2 ||     9
       Potion            |       |     6 |    10 ||    16
 Stab: Sleeping          |     2 |       |       ||     2
       Confused          |       |       |     2 ||     2
Armor: Robe              |    11 |     7 |     7 ||    25
Dodge: Dodged            |    35 |    36 |   144 ||   215

Table legend:
 A = Spawn XP
 B = Non-spawn XP
 C = Spawn XP percentage of total XP
 D = Spawn monster count
 E = Non-spawn monster count
 F = Spawn count percentage of total count
 G = Total turns spent on level
                    A         B        C        D         E        F      G
               +---------+---------+-------+---------+---------+-------+---------
         Total |       0 |    1910 |   0.0 |       0 |     107 |   0.0 |  7142
               +---------+---------+-------+---------+---------+-------+---------
           D:1 |       0 |      27 |   0.0 |       0 |      17 |   0.0 |  1347
           D:2 |       0 |     136 |   0.0 |       0 |      24 |   0.0 |  1633
           D:3 |       0 |     380 |   0.0 |       0 |      23 |   0.0 |   684
           D:4 |       0 |     188 |   0.0 |       0 |       4 |   0.0 |  1106
           D:5 |       0 |     246 |   0.0 |       0 |      13 |   0.0 |  1078
           D:6 |       0 |     933 |   0.0 |       0 |      26 |   0.0 |  1294
               +---------+---------+-------+---------+---------+-------+---------
